Map: Berlingrad LE

Players

Pumba - Winner!

  • Race: Protoss Protoss
  • League: Master
  • Spawn Location: 5:00

Pluto

  • Race: Zerg Zerg
  • League: Master
  • Spawn Location: 11:00

VOD

Have the link to the VOD?

Description

Time

  • Played on: March 29, 2022, 5:09 p.m.
  • Length: 8:30
Show
View Real Time Build Order
Export as new Build Order

Pumba Protoss - Winner!

Build Orders: 1 Gate Expand, Oracle Opening, Zealot Archon 

Get SALT Encoding   

  12  0:00  Probe  
  13  0:12  Probe  
  14  0:21  Pylon  
  14  0:25  Probe  
  15  0:39  Probe (Chrono Boost)  
  15  0:42  Gateway  
  16  0:49  Probe (Chrono Boost), Assimilator  
  17  0:54  Probe (Chrono Boost)  
  18  1:05  Probe  
  19  1:19  Probe  
  20  1:27  Nexus  
  20  1:35  Cybernetics Core  
  20  1:38  Probe  
  21  1:44  Assimilator  
  21  1:52  Pylon  
  21  1:54  Probe  
  22  2:06  Probe  
  23  2:09  Adept (Chrono Boost)  
  25  2:18  Probe, Stargate  
  26  2:29  Adept (Chrono Boost)  
  26  2:30  Probe  
  26  2:31  Warp Gate  
  29  2:39  Probe (Chrono Boost)  
  31  2:46  Probe (Chrono Boost)  
  31  2:51  Probe (Chrono Boost)  
  32  2:56  Probe (Chrono Boost)  
  32  2:57  Probe (Chrono Boost)  
  34  3:03  Oracle  
  34  3:05  Probe  
  38  3:06  Probe  
  38  3:11  Pylon  
  39  3:13  Adept  
  39  3:17  Probe  
  39  3:18  Gateway  
  42  3:20  Probe  
  43  3:29  Probe  
  44  3:37  Oracle (Chrono Boost), Probe  
  44  3:45  Probe  
  44  3:47  Adept (Chrono Boost)  
  45  3:49  Probe  
  48  3:57  Probe  
  48  4:02  Probe  
  50  4:07  Nexus  
  50  4:09  Probe, Pylon  
  51  4:15  Probe  
  52  4:18  Assimilator  
  52  4:20  Assimilator  
  52  4:22  Robotics Facility, Pylon  
  52  4:24  Pylon  
  52  4:27  Probe  
  52  4:28  Probe  
  52  4:30  Shield Battery  
  54  4:39  Probe  
  54  4:40  Probe  
  56  4:51  Probe  
  57  4:57  Probe  
  58  5:06  Probe  
  59  5:09  Probe  
  59  5:10  Observer (Chrono Boost)  
  61  5:18  Probe  
  61  5:19  Phoenix (Chrono Boost)  
  61  5:20  Twilight Council, Forge  
  64  5:23  Immortal (Chrono Boost)  
  64  5:24  Gateway x2  
  64  5:25  Gateway  
  64  5:26  Gateway  
  68  5:29  Probe x2  
  68  5:30  Probe  
  68  5:31  Sentry x2  
  75  5:40  Gateway  
  75  5:41  Probe  
  75  5:42  Gateway  
  76  5:43  Protoss Ground Weapons Level 1 (Chrono Boost)  
  76  5:48  Gateway  
  76  5:49  Pylon  
  76  5:51  Charge (Chrono Boost), Pylon  
  76  5:54  Pylon  
  76  5:59  Sentry  
  76  6:01  Probe x3  
  81  6:06  Sentry  
  81  6:09  Immortal (Chrono Boost)  
  83  6:13  Probe  
  88  6:41  Warp Prism (Chrono Boost)  
  88  6:42  Zealot x9, Templar Archives  
  88  6:44  Probe  
  109  6:48  Pylon  
  109  6:51  Pylon  
  109  6:54  Pylon x3  
  109  7:14  Immortal (Chrono Boost)  
  109  7:20  Zealot, High Templar x2  
  109  7:21  Zealot x6  
  131  7:28  Archon  
  131  7:33  Pylon  
  127  7:42  High Templar x2  
  127  7:44  Zealot x5  
  123  7:47  Archon  
  125  8:10  High Templar  
  125  8:11  Zealot x5, High Templar  
  125  8:17  Archon  
Show
View Real Time Build Order
Export as new Build Order

Pluto Zerg 

Build Orders: Hatch First 

Get SALT Encoding   

  12  0:00  Drone  
  13  0:12  Overlord  
  13  0:17  Drone  
  14  0:30  Drone x2  
  16  0:47  Hatchery  
  15  0:51  Drone  
  15  0:54  Drone  
  17  0:58  Drone  
  18  1:09  Extractor  
  17  1:13  Spawning Pool  
  17  1:16  Drone  
  17  1:19  Drone  
  18  1:28  Drone  
  19  1:39  Overlord  
  19  1:49  Drone  
  20  2:01  Queen  
  20  2:02  Queen  
  20  2:03  Zergling x2, Drone  
  26  2:11  Drone x2  
  26  2:13  Metabolic Boost  
  28  2:21  Drone x2  
  30  2:44  Drone x3, Hatchery  
  29  2:47  Overlord  
  31  3:04  Queen  
  31  3:05  Zergling x4  
  35  3:06  Drone  
  35  3:07  Drone  
  37  3:16  Drone x4, Overlord  
  41  3:22  Drone x2  
  42  3:38  Drone x3  
  42  3:39  Spore Crawler  
  42  3:40  Spore Crawler  
  40  3:44  Queen  
  40  3:45  Overlord  
  40  3:46  Drone  
  43  3:53  Lair  
  43  3:58  Drone x5  
  48  4:06  Queen  
  49  4:11  Spore Crawler  
  49  4:17  Extractor  
  47  4:18  Extractor  
  47  4:19  Drone x2  
  47  4:20  Drone x4  
  47  4:21  Zergling x2, Drone  
  54  4:28  Drone x2  
  54  4:29  Drone  
  54  4:30  Drone x2  
  59  4:31  Drone  
  59  4:37  Evolution Chamber  
  59  4:40  Evolution Chamber  
  57  4:52  Drone  
  57  4:53  Drone x7  
  57  4:54  Overlord  
  60  5:00  Hydralisk Den  
  60  5:04  Zerg Melee Weapons Level 1  
  60  5:06  Drone x3  
  62  5:08  Drone  
  64  5:21  Drone  
  64  5:22  Drone x5  
  64  5:24  Extractor  
  68  5:29  Grooved Spines  
  68  5:36  Overlord x2  
  68  5:37  Overlord  
  68  5:38  Hatchery  
  68  5:40  Pneumatized Carapace  
  67  5:43  Drone  
  67  5:44  Drone x4  
  72  5:55  Overlord x3  
  72  6:01  Hydralisk x4  
  80  6:04  Hydralisk  
  80  6:07  Zergling x4  
  80  6:08  Overlord  
  84  6:17  Hydralisk x3, Overlord  
  90  6:23  Drone  
  90  6:24  Drone x4  
  95  6:32  Hydralisk  
  95  6:33  Hydralisk x2  
  95  6:35  Hydralisk  
  103  6:40  Hydralisk  
  103  6:43  Zergling x12  
  111  6:58  Drone  
  111  7:00  Spore Crawler  
  111  7:01  Drone x3, Extractor  
  114  7:02  Overlord x2  
  114  7:03  Hydralisk x2  
  114  7:04  Zergling x8  
  121  7:19  Zergling x12  
  127  7:27  Drone x3  
  127  7:28  Drone x4  
  134  7:36  Extractor  
  125  7:39  Hydralisk x3  
  125  7:40  Zergling x2  
  112  7:50  Hydralisk  
  112  7:51  Hydralisk x2  
  101  7:52  Zergling x10  
  101  7:56  Baneling Nest  
  101  7:57  Drone  
  101  7:58  Zergling x4  
  110  8:03  Zergling x10  
Tags
 
Add a new tag
Caveats
  • Supply blocks, unpowered buildings, or Contaminate may cause inaccurate times.
  • Supply counts are checked every 10 seconds.